 Dungeon Crawl Stone Soup version 0.31-a0-690-g7ce4588941 (webtiles) character file.

Game seed: 12818850888083290247

369523 Ijustatesigmund the Hill Orc Aeon (level 22, -10/205 (207) HPs)
             Began as a Hill Orc Fighter on Aug 31, 2023.
             Was the Champion of Cheibriados.
             Mangled by a balrug
             ... wielding a +0 demon whip
             ... summoned by a dread lich
              (16 damage)
             ... while paralysed by a dread lich
             ... on level 3 of the Abyss on Sept 6, 2023.
             The game lasted 01:59:06 (51915 turns).

Ijustatesigmund the Hill Orc Aeon (HOFi)           Turns: 51915, Time: 01:59:07

HP:   -10/205 (207) AC: 48    Str: 39    XL:     22   Next: 63%
MP:   34/38         EV:  2    Int: 39    God:    Cheibriados [******]
Gold: 1225          SH:  0    Dex: 27    Spells: 22/35 levels left

rFire   + . .        a - +9 broad axe (freeze)
rCold   + + +        Z - +2 kite shield {reflect}
rNeg    . . .        b - +8 orange crystal plate armour {Archmagi, Int+3 Clar}
rPois   +            Y - +1 helmet "Syzog" {Drain rPois Int+3 Dex+2}
rElec   .            n - +1 cloak
rCorr   .            h - +1 pair of gloves
SInv    .            x - +2 pair of boots
Will    ++...        j - amulet of Leaves {Reflect rC++ Int+4 SH+5} Stlth
                     V - +4 ring of protection
HPRegen 0.54/turn    L - ring "Turak" {rF+ rC+ Will+}
MPRegen 0.26/turn

%: reflection, clarity, archmagi
@: paralysed, about to teleport, lightly drained, very slow
A: claws 1, mutation resistance 1, passive freeze
}: 2/15 runes: decaying, gossamer
a: Renounce Religion, Bend Time, Temporal Distortion, Slouch, Step From Time


You were on level 3 of the Abyss.
You worshipped Cheibriados.
Cheibriados was exalted by your worship.
You visited 8 branches of the dungeon, and saw 38 of its levels.
You visited the Abyss 1 time.
You also visited: Sewer, Bailey, Gauntlet and Desolation.

You collected 6433 gold pieces.
You spent 5208 gold pieces at shops.

Inventory:

Hand Weapons
 a - a +9 broad axe of freezing (weapon)
 Q - a +4 broad axe of protection
Armour
 b - the +8 orange crystal plate armour (worn) {Archmagi, Int+3 Clar}
   (You bought it in a shop on level 2 of the Orcish Mines)

   Int+3:     It affects your intelligence (+3).
   Clar:      It protects you from confusion, rage, mesmerisation and fear.
 c - a +2 kite shield of fire resistance
 h - a +1 pair of gloves (worn)
 n - a +1 cloak (worn)
 x - a +2 pair of boots (worn)
 Y - the +1 helmet "Syzog" (worn) {Drain rPois Int+3 Dex+2}
   (You acquired it on level 2 of the Orcish Mines)

   Int+3:     It affects your intelligence (+3).
   Dex+2:     It affects your dexterity (+2).
   rPois:     It protects you from poison Drain: It drains your maximum health
   when unequipped.
 Z - a +2 kite shield of reflection (worn)
Jewellery
 i - the ring of Yhunn {rPois rC- Will+++ Str-2 SInv}
   (You found it on level 1 of the Elven Halls)

   [ring of see invisible]

   Str-2:     It affects your strength (-2).
   rC-:       It makes you vulnerable to cold.
   rPois:     It protects you from poison Will+++: It greatly increases your
   willpower.
   SInv:      It lets you see invisible.
 j - the amulet of Leaves (around neck) {Reflect rC++ Int+4 SH+5}
   (You bought it in a shop on level 1 of the Vaults)

   [amulet of reflection]

   Reflect:   It reflects blocked missile attacks.
   Int+4:     It affects your intelligence (+4).
   rC++:      It greatly protects you from cold.
   SH+5:      It affects your SH (+5).
 B - the ring of Pragmatism {rCorr EV+5 Int-2 Dex+7}
   (You took it off a deep elf zephyrmancer on level 2 of the Elven Halls)

   [ring of evasion]

   EV+5:      It affects your evasion (+5).
   Int-2:     It affects your intelligence (-2).
   Dex+7:     It affects your dexterity (+7).
   rCorr:     It protects you from acid and corrosion.
 F - the ring of the Kraken {rElec rPois rF+ rN+}
   (You found it in the Desolation of Salt)

   [ring of poison resistance]

   rF+:       It protects you from fire.
   rElec:     It insulates you from electricity.
   rPois:     It protects you from poison rN+: It protects you from negative
   energy.
 L - the ring "Turak" (right hand) {rF+ rC+ Will+}
   (You acquired it on level 3 of the Dungeon)

   [ring of protection from fire]

   rF+:       It protects you from fire.
   rC+:       It protects you from cold.
   Will+:     It increases your willpower.
 O - an amulet of the acrobat
 P - a ring of flight
 V - a +4 ring of protection (left hand)
 W - the ring of Undoing {rF+ rCorr}
   (You took it off an imperial myrmidon in the Desolation of Salt)

   [ring of resist corrosion]

   rF+:       It protects you from fire.
   rCorr:     It protects you from acid and corrosion.
Wands
 g - a wand of polymorph (21)
 s - a wand of charming (46)
 w - a wand of flame (88)
 A - a wand of mindburst (55)
 I - a wand of roots (49)
 K - a wand of digging (10)
 T - a wand of quicksilver (22)
Scrolls
 e - 6 scrolls of fog
 k - 5 scrolls of revelation
 m - 12 scrolls of blinking
 p - 10 scrolls of teleportation
 u - 9 scrolls of amnesia
 v - 6 scrolls of immolation
 z - 3 scrolls of silence
 H - 2 scrolls of fear
 M - a scroll of enchant weapon
 N - 21 scrolls of identify
 R - 4 scrolls of poison
 S - a scroll of butterflies
Potions
 d - 4 potions of might
 f - 12 potions of mutation
 l - 4 potions of magic
 o - 2 potions of berserk rage
 q - 8 potions of attraction
 r - 5 potions of lignification
 t - 8 potions of enlightenment
 C - 6 potions of heal wounds
 D - 7 potions of brilliance
 E - 3 potions of cancellation
 G - 14 potions of curing
 J - 4 potions of resistance
 U - 5 potions of ambrosia
 X - 5 potions of invisibility
Miscellaneous
 y - a phantom mirror


   Skills:
 + Level 19.7 Fighting
 - Level 20.9 Axes
 + Level 16.5 Armour
 - Level 8.0 Dodging
 - Level 11.3 Shields
 + Level 7.0 Spellcasting
 + Level 10.9 Conjurations
 - Level 10.7 Translocations
 + Level 25.0 Invocations
 - Level 2.0 Evocations


You had 22 spell levels left.
You knew the following spells:

 Your Spells              Type           Power      Damage    Failure   Level
a - Blink                 Tloc           100%       N/A       1%          2
b - Apportation           Tloc           100%       N/A       1%          1
c - Lesser Beckoning      Tloc           100%       N/A       1%          2
d - Manifold Assault      Tloc           98%        N/A       3%          4
e - Iskenderun's Mystic   Conj/Tloc      99%        2d19      3%          4

Your spell library contained the following spells:

 Spells                   Type           Power      Damage    Failure   Level
 Gell's Gravitas          Tloc           98%        N/A       1%          3
 Teleport Other           Tloc           98%        N/A       1%          3
 Foxfire                  Conj/Fire      100%       2x1d9     3%          1
 Kiss of Death            Conj/Necr      100%       2d13      3%          1
 Shock                    Conj/Air       100%       1d9       3%          1
 Hailstorm                Conj/Ice       71%        3d15      9%          3
 Stone Arrow              Conj/Erth      100%       3d13      9%          3
 Iskenderun's Battlesphe  Conj           99%        2d15      9%          5
 Portal Projectile        Hex/Tloc       100%       N/A       10%         3
 Volatile Blastmotes      Fire/Tloc      100%       2d18      10%         3
 Necrotise                Necr           80%        1d8       28%         1
 Sandblast                Erth           40%        2d10      28%         1
 Sting                    Tmut/Pois      80%        1d7       28%         1
 Summon Small Mammal      Summ           80%        N/A       28%         1
 Sticky Flame             Conj/Fire      71%        2d8       30%         4
 Cigotuvi's Dreadful Rot  Necr/Pois/Air  40%        N/A       38%         2
 Ensorcelled Hibernation  Hex/Ice        40%        N/A       38%         2
 Passwall                 Tmut/Erth      16%        N/A       38%         2
 Poisonous Vapours        Pois/Air       40%        N/A       38%         2
 Sublimation of Blood     Necr           20%        N/A       38%         2
 Wereblood                Tmut           20%        N/A       38%         2
 Confusing Touch          Hex            20%        N/A       63%         3
 Ignite Poison            Fire/Tmut/Pois 20%        N/A       63%         3
 Swiftness                Air            20%        N/A       63%         3
 Tukima's Dance           Hex            20%        N/A       63%         3
 Vampiric Draining        Necr           20%        2d7       63%         3
 Irradiate                Conj/Tmut      35%        3d23      63%         5
 Freezing Cloud           Conj/Ice/Air   29%        6-21      86%         5
 Airstrike                Air            10%        2d(2-18)  95%         4
 Animate Armour           Summ/Erth      40%        N/A       95%         4
 Animate Dead             Necr           20%        N/A       95%         4
 Dispel Undead            Necr           20%        3d11      95%         4
 Leda's Liquefaction      Hex/Erth       10%        N/A       95%         4
 Olgreb's Toxic Radiance  Pois           20%        N/A       95%         4
 Summon Ice Beast         Ice/Summ       20%        N/A       95%         4
 Leda's Unmaking          Conj/Erth      35%        9d6       99%         6
 Starburst                Conj/Fire      35%        6d10      99%         6
 Lee's Rapid Deconstruct  Erth           10%        3d8*      100%        5
 Silence                  Hex/Air        10%        N/A       100%        5
 Summon Mana Viper        Hex/Summ       20%        N/A       100%        5
 Yara's Violent Unravell  Hex/Tmut       10%        3d6       100%        5
 Plasma Beam              Fire/Air       10%        2x1d21    100%        6
 Simulacrum               Ice/Necr       10%        N/A       100%        6
 Haunt                    Necr/Summ      10%        N/A       100%        7
 Malign Gateway           Summ/Tloc      35%        N/A       100%        7
 Ozocubu's Refrigeration  Ice            10%        4d9       100%        7
 Spellforged Servitor     Conj/Summ      35%        N/A       100%        7
 Borgnjor's Revivificati  Necr           10%        N/A       100%        8
 Discord                  Hex            10%        N/A       100%        8
 Ignition                 Fire           10%        3d5       100%        8
 Infestation              Necr           10%        N/A       100%        8
 Lehudib's Crystal Spear  Conj/Erth      35%        10d9      100%        8
 Chain Lightning          Conj/Air       35%        3d47      100%        9
 Death's Door             Necr           10%        N/A       100%        9
 Polar Vortex             Ice            10%        12d1*     100%        9


Dungeon Overview and Level Annotations

Branches:
Dungeon (15/15)            Temple (1/1) D:5            Lair (5/5) D:11
  Swamp (4/4) Lair:3       Spider (4/4) Lair:3        Slime (0/5) Lair:4
    Orc (2/2) D:10            Elf (3/3) Orc:2        Vaults (4/5) D:13
  Crypt (0/3) Vaults:3     Depths (0/4) D:15          Sewer (visited)
 Bailey (visited)         Desolation (visited)      Gauntlet (visited)

Altars:
Ashenzari
Cheibriados
Dithmenos
Elyvilon
Fedhas
Gozag
Hepliaklqana
Kikubaaqudgha
Makhleb
Nemelex Xobeh
Okawaru
Qazlal
Ru
Sif Muna
Trog
Uskayaw
Vehumet
Wu Jian
Xom
Yredelemnul
Zin
The Shining One
Beogh

Shops:
D:3 ?   D:8 !   Orc:1 [   Orc:2 *:[*?   Elf:2 (   Elf:3 *   Vaults:1 =
Vaults:2 *   Vaults:3 [

Annotations:
D:9 exclusion: obsidian statue
Swamp:3 Roxanne


Innate Abilities, Weirdness & Mutations

You have sharp fingernails.
You are somewhat resistant to further mutation.
A frigid envelope surrounds you and freezes all who hurt you.


Message History

* * * LOW HITPOINT WARNING * * *
The tormentor calls on the powers of darkness!
Your body is wracked with pain!
* * * LOW HITPOINT WARNING * * *
The cyan ugly thing convulses!
The cyan very ugly thing convulses!
Something hits you but does no damage.
The dread lich burns!
The dread lich points at you and mumbles some strange words.
You suddenly lose the ability to move!
The tormentor hits you but does no damage.
The tormentor is very cold.
You kill the tormentor!
The tormentor disappears in a puff of smoke!
The smoke demon hits you.
* * * LOW HITPOINT WARNING * * *
The smoke demon is very cold.
The smoke demon is almost dead.
The smoke demon hits you but does no damage.
The smoke demon is very cold.
You kill the smoke demon!
Cheibriados thoroughly appreciates the change of pace.
Something hits you but does no damage.
The dread lich burns!
The dread lich touches you.
* * * LOW HITPOINT WARNING * * *
You feel drained.
The dread lich completely resists.
The balrug gestures at you. The bolt of fire hits you! You resist.
* * * LOW HITPOINT WARNING * * *
The cyan ugly thing basks in the mutagenic energy from its kin and changes!
The dread lich touches you but does no damage.
The balrug gestures at you. The bolt of fire hits you. You resist.
* * * LOW HITPOINT WARNING * * *
Something hits you but does no damage.
You feel your health improve.
The dread lich burns!
The dread lich touches you but does no damage.
The dread lich completely resists.
The balrug hits you with a +0 demon whip!
You die...

#......... . #.
.#.........# #
#.###'##.#.#
#..........#
#####........).##
.#...#............
....####............
.. .......{..........#
.......ยง.2@........
..
....._...uL.#...#####.
..#.......#.....#
.......u........ .
###.4....#......
u...u..........##
u.uu.............
.u#####.......##.. #
#...###.#


You could see a dread lich (fast, invisible, burning), 2 very ugly things, a
balrug (summoned), 3 ugly things and a chaos spawn.

Vanquished Creatures
  Arachne (Spider:4)
  Jorgrun (Elf:2)
  2 tentacled monstrosities
  2 deep elf master archers
  A lich (Vaults:3)
  A sphinx (Vaults:4)
  3 deep elf blademasters (Elf:2)
  An ancient champion (Vaults:3)
  A thorn hunter (Swamp:4)
  Kirke (Swamp:1)
  Donald (Swamp:1)
  10 emperor scorpions
  4 imperial myrmidons (Desolation)
  A fenstrider witch (Swamp:3)
  12 vault wardens
  A deep elf elementalist (Elf:3)
  10 deep elf sorcerers
  A balrug (Abyss:3)
  A ghost moth (Spider:1)
  15 ironbound preservers
  The ghost of Mimp the Fighter, a journeyman FoSh of Okawaru (Lair:3)
  A war gargoyle (Vaults:3)
  3 orc warlords
  A broodmother (Spider:2)
  3 formless jellyfish (Vaults:3)
  A vampire knight (Vaults:3)
  Nessos (D:14)
  7 deep elf annihilators
  2 deep elf demonologists
  9 ironbound thunderhulks
  4 dire elephants (Vaults:4)
  A lorocyproca (Abyss:3)
  2 spark wasps (Spider:4)
  A bunyip (Swamp:2)
  An eleionoma (Swamp:1)
  A minotaur (Gauntlet)
  An ettin (Vaults:4)
  A fire dragon (Lair:5)
  2 shambling mangroves (Swamp:4)
  5 deep elf death magi
  5 ragged hierophants (Desolation)
  Josephine (D:10)
  4 crystal guardians
  4 deep elf high priests
  11 yaktaur captains
  6 servants of whispers (Desolation)
  Harold (D:10)
  8 vault guards
  10 entropy weavers
  18 hydras
  6 great orbs of eyes
  2 ghost crabs
  The ghost of GreedOfGod the Covert, a journeyman DsBr of Dithmenos (D:11)
  4 centaur warriors
  9 peacekeepers
  2 radroaches (Spider:3)
  9 ironbound frosthearts
  6 ogre magi
  A sphinx zombie (Vaults:3)
  Erica (D:9)
  3 alligators
  37 dancing weapons
  16 two-headed ogres
  A death knight (D:15)
  The ghost of gyole the Cleaver, a novice MiMo of Okawaru (D:10)
  3 death scarabs
  A sphinx skeleton (Vaults:1)
  2 tengu warriors (D:15)
  7 death yaks
  5 boulder beetles
  9 demonic crawlers
  A spriggan berserker (Swamp:4)
  3 orc high priests
  15 deep elf knights
  A skyshark (Lair:4)
  6 pharaoh ants
  2 spectral death yaks (Gauntlet)
  4 sun demons (Abyss:3)
  3 sun moths (Spider:4)
  6 skeletal warriors
  26 deep trolls
  A deep troll (shapeshifter) (Elf:1)
  5 goliath frogs
  9 swamp dragons
  8 orb spiders
  Lodul (D:12)
  A glowing orange brain (Vaults:2)
  A spriggan druid (Swamp:4)
  21 ironbound convokers
  A phantasmal warrior (Vaults:2)
  Pikel (D:5)
  10 lindwurms
  A steelbarb worm (shapeshifter) (D:14)
  5 wizards
  9 deep elf archers
  6 steelbarb worms
  7 orc knights
  7 harpies (Vaults:1)
  7 bog bodies
  8 necromancers
  8 orc sorcerers
  29 deep elf pyromancers
  5 cyclopes
  22 deep elf zephyrmancers
  27 wolf spiders
  4 oklob plants
  6 ugly things
  11 vault sentinels
  7 black mambas
  4 moths of wrath
  Joseph (D:9)
  2 centaur zombies (D:15)
  A frost giant skeleton (Vaults:3)
  A stone giant skeleton (Vaults:1)
  Maurice (D:12)
  3 guardian serpents
  14 elephants
  A naga mage (D:15)
  12 torpor snails
  14 cane toads
  A smoke demon (Abyss:3)
  3 molten gargoyles (Desolation)
  A gargoyle (D:11)
  A centaur skeleton (D:15)
  6 komodo dragons
  A freezing wraith (D:15)
  38 yaktaurs
  2 rime drakes
  Maggie (D:9)
  3 efreet
  An ice devil (Gauntlet)
  2 yaktaur skeletons
  9 polar bears
  16 hornets
  An ancient zyme (Abyss:3)
  6 meliai
  33 tarantellas
  A bloated husk (Swamp:3)
  A troll (Orc:1)
  A hellwing (Abyss:3)
  Prince Ribbit (D:7)
  A tyrant leech (shapeshifter) (Vaults:3)
  5 blink frogs (Lair:4)
  53 saltlings (Desolation)
  8 tyrant leeches
  39 jumping spiders
  A meliai zombie (D:15)
  20 culicivoras
  A frost giant simulacrum (Vaults:3)
  The ghost of GreedOfGod the Shooter, an amateur KoHu (D:4)
  A large abomination (Elf:1)
  6 wraiths
  Sigmund (D:2)
  An air elemental (Elf:1)
  27 slime creatures
  A ynoxinul (Gauntlet)
  5 water elementals
  A shadow (D:12)
  2 vampires
  14 wyverns
  7 hogs (Swamp:1)
  10 spriggans
  19 humans (D:13)
  56 redbacks
  46 yaks
  A basilisk (Lair:5)
  4 fire elementals
  A redback simulacrum (D:15)
  2 vampire mosquitoes (D:13)
  A spectral komodo dragon (Gauntlet)
  Grum (D:9)
  17 swamp worms
  4 wargs
  2 ogre zombies
  20 water moccasins
  4 ice beasts
  25 orc warriors
  9 swamp drakes
  6 black bears
  A sky beast (D:6)
  45 ogres
  22 wolves
  5 boggarts (D:14)
  13 centaurs
  2 phantoms (D:5)
  2 kobold brigands
  6 bullfrogs
  2 earth elementals (Elf:1)
  4 elf zombies (Elf:1)
  2 scorpions
  10 wights
  9 killer bees
  A vampire bat (Orc:2)
  2 electric eels (D:3)
  2 howler monkeys
  A crimson imp (D:6)
  2 jellies (D:7)
  7 hounds
  15 orc priests
  A gnoll bouda (D:10)
  3 iron imps (Gauntlet)
  Natasha (twice) (D:3)
  2 iguanas
  A sleepcap (D:8)
  17 orc wizards
  Robin (D:2)
  3 gnolls (D:10)
  11 adders
  5 white imps
  2 worms
  2 dart slugs
  88 orcs
  13 endoplasms
  8 giant cockroaches
  16 goblins
  4 hobgoblins
  6 jackals
  18 kobolds
  17 quokkas
  11 ball pythons
  5 bats (Orc:2)
  6 frilled lizards
  A rat (D:2)
1609 creatures vanquished.

Vanquished Creatures (collateral kills)
  A wraith (D:10)
  2 orc warriors (Bailey)
  An orc (Bailey)
4 creatures vanquished.

Vanquished Creatures (others)
  Nikola (Swamp:1)
  An alligator (Swamp:1)
  2 deep elf knights
  A spriggan druid (Swamp:3)
  A bog body (Swamp:3)
  An orc knight (Bailey)
  4 bloated husks (Swamp:3)
  2 orc warriors (Bailey)
  An orc priest (Orc:1)
  An orc (Bailey)
15 creatures vanquished.

Grand Total: 1628 creatures vanquished

Notes
Turn   | Place    | Note
-------+----------+-------------------------------------------
     0 | D:1      | Ijustatesigmund the Hill Orc Fighter began the quest for
                  | the Orb.
     0 | D:1      | Reached XP level 1. HP: 19/19 MP: 1/1
   107 | D:1      | Reached XP level 2. HP: 27/27 MP: 2/2
   769 | D:2      | Reached XP level 3. HP: 34/34 MP: 3/3
   790 | D:2      | Noticed Robin
   808 | D:2      | Killed Robin
   848 | D:2      | Found a faded altar of an unknown god.
   953 | D:2      | Reached XP level 4. HP: 41/41 MP: 4/4
  1078 | D:2      | Reached skill level 5 in Fighting
  1159 | D:2      | Noticed Sigmund
  1165 | D:2      | Killed Sigmund
  1166 | D:2      | Reached XP level 5. HP: 48/50 MP: 5/5
  1166 | D:2      | Reached XP level 6. HP: 54/57 MP: 6/6
  1722 | D:3      | Found a transporter.
  2055 | D:3      | Found Haatsume's Magic Scroll Shoppe.
  2060 | D:3      | Bought a scroll of teleportation for 42 gold pieces
  2135 | D:3      | Found a transporter.
  2204 | D:3      | Noticed Natasha
  2212 | D:3      | Killed Natasha
  2617 | D:3      | Noticed Natasha
  2622 | D:3      | Killed Natasha
  2661 | D:4      | Noticed a black bear
  2674 | D:4      | Reached XP level 7. HP: 24/66 MP: 7/7
  2799 | D:4      | Found a glowing drain.
  2804 | Sewer    | Entered a sewer
  3387 | D:4      | Gained mutation: You have sharp fingernails. [potion of
                  | mutation]
  3387 | D:4      | Gained mutation: A frigid envelope surrounds you and
                  | freezes all who hurt you. [potion of mutation]
  3387 | D:4      | Gained mutation: You are somewhat resistant to further
                  | mutation. [potion of mutation]
  3413 | D:4      | Found a runed translucent door.
  3414 | D:4      | Noticed GreedOfGod's ghost (amateur KoHu)
  3468 | D:4      | Reached XP level 8. HP: 74/74 MP: 8/8
  3867 | D:4      | Killed GreedOfGod's ghost
  3894 | D:5      | Entered Level 5 of the Dungeon
  3900 | D:5      | Found a staircase to the Ecumenical Temple.
  3914 | Temple   | Entered the Ecumenical Temple
  3919 | Temple   | Became a worshipper of Cheibriados the Contemplative
  3955 | D:5      | Reached skill level 1 in Invocations
  4021 | D:5      | Reached skill level 2 in Invocations
  4152 | D:5      | Noticed Pikel
  4163 | D:5      | Killed Pikel
  4164 | D:5      | Reached skill level 4 in Invocations
  4164 | D:5      | Reached XP level 9. HP: 67/84 MP: 9/12
  4261 | D:5      | Found a bloodstained altar of Trog.
  4268 | D:5      | Reached skill level 5 in Invocations
  4269 | D:5      | Reached skill level 10 in Axes
  4336 | D:5      | Identified the +3 leather armour of Repulsion {Will+}
  4376 | D:5      | Found a shimmering altar of Xom.
  5111 | D:6      | Reached skill level 10 in Fighting
  5133 | D:6      | Reached skill level 6 in Invocations
  5202 | D:6      | Found a hide-covered altar of Uskayaw.
  5465 | D:6      | Identified the +0 robe of Yesterday {Harm Drain Int+3
                  | Archmagi}
  5491 | D:6      | Found a burning altar of Makhleb.
  5492 | D:6      | Found a radiant altar of Vehumet.
  5611 | D:7      | Reached * piety under Cheibriados
  5867 | D:7      | Noticed Prince Ribbit
  5872 | D:7      | Killed Prince Ribbit
  6052 | D:7      | Reached skill level 7 in Invocations
  6063 | D:7      | Reached XP level 10. HP: 71/94 MP: 15/15
  6490 | D:7      | Reached skill level 8 in Invocations
  6497 | D:7      | Reached skill level 1 in Dodging
  6567 | D:7      | Found an opulent altar of Gozag.
  6751 | D:7      | Found an ornate altar of the Wu Jian Council.
  7212 | D:8      | Found an ancient bone altar of Kikubaaqudgha.
  7308 | D:8      | Reached ** piety under Cheibriados
  7350 | D:8      | Reached skill level 9 in Invocations
  7659 | D:8      | Found Lelid's Distillery.
  7667 | D:8      | Bought a potion of heal wounds for 65 gold pieces
  7800 | D:9      | Noticed Joseph
  7819 | D:9      | Killed Joseph
  8218 | D:9      | Noticed Erica
  8228 | D:9      | Killed Erica
  8229 | D:9      | Reached skill level 5 in Shields
  8229 | D:9      | Reached skill level 10 in Invocations
  8347 | D:9      | Noticed Grum
  8353 | D:9      | Reached *** piety under Cheibriados
  8354 | D:9      | Reached XP level 11. HP: 99/102 MP: 17/19
  8358 | D:9      | Reached skill level 11 in Invocations
  8369 | D:9      | Killed Grum
  8746 | D:9      | Noticed an obsidian statue
  8817 | D:9      | Noticed Maggie
  8828 | D:9      | Killed Maggie
  9089 | D:10     | Entered Level 10 of the Dungeon
  9090 | D:10     | Found a glowing golden altar of the Shining One.
  9218 | D:10     | Found a flagged portal.
  9232 | Bailey   | Entered a bailey
  9242 | Bailey   | Reached **** piety under Cheibriados
  9367 | Bailey   | Reached skill level 12 in Invocations
  9502 | Bailey   | Noticed an orc knight
  9514 | Bailey   | Noticed an orc knight
  9526 | Bailey   | Reached skill level 1 in Evocations
  9529 | Bailey   | Killed an orc knight
  9698 | Bailey   | Noticed an orc knight
  9942 | D:10     | Acquired a +2 broad axe of freezing
 10006 | D:10     | Noticed Harold
 10020 | D:10     | Killed Harold
 10136 | D:10     | Found a broken altar of Ashenzari.
 10264 | D:10     | Found a roughly hewn altar of Beogh.
 10264 | D:10     | Found a staircase to the Orcish Mines.
 10274 | D:10     | Reached ***** piety under Cheibriados
 10323 | D:10     | Reached skill level 5 in Armour
 10334 | D:10     | Noticed Josephine
 10341 | D:10     | Killed Josephine
 11004 | D:10     | Found a roughly hewn altar of Beogh.
 11219 | D:10     | Found a sparkling altar of Nemelex Xobeh.
 11219 | D:10     | Found a blossoming altar of Fedhas.
 11220 | D:10     | Found an iron altar of Okawaru.
 11223 | D:10     | Found a runed translucent door.
 11225 | D:10     | Noticed gyole's ghost (novice MiMo)
 11225 | D:10     | Identified the +7 trident of Perversion {pain, rPois Str-4
                  | Int+2 Dex+5}
 11264 | D:10     | Found a shadowy altar of Dithmenos.
 11344 | D:10     | Learned a level 2 spell: Blink
 11574 | D:11     | Found a staircase to the Lair.
 11574 | D:11     | Noticed an oklob plant
 11575 | D:11     | Noticed an oklob plant
 11592 | D:11     | Killed an oklob plant
 11593 | D:11     | Reached skill level 13 in Invocations
 11596 | D:11     | Killed an oklob plant
 11921 | D:11     | Reached skill level 1 in Translocations
 11921 | D:11     | Reached XP level 12. HP: 112/112 MP: 21/21
 11938 | D:11     | Found a runed translucent gate.
 11939 | D:11     | Found a runed translucent gate.
 11943 | D:11     | Noticed GreedOfGod's ghost (journeyman DsBr)
 11944 | D:11     | Found a runed translucent gate.
 11945 | D:11     | Identified the +4 plate armour "Wajoval" {rN++ Int+2}
 12900 | D:11     | Found a roughly hewn altar of Beogh.
 13275 | D:12     | Noticed Lodul
 13285 | D:12     | Killed Lodul
 13430 | D:12     | Noticed Maurice
 13439 | D:12     | Killed Maurice
 13888 | D:13     | Identified the +0 scale mail of Laestuwk {Dex+3}
 13951 | D:13     | Found a gate to the Vaults.
 13951 | D:13     | Noticed a vault guard
 13951 | D:13     | Noticed a vault guard
 13951 | D:13     | Noticed a vault guard
 13959 | D:13     | Killed a vault guard
 14136 | D:13     | Noticed a five-headed hydra
 14139 | D:13     | Killed a six-headed hydra
 14140 | D:13     | Reached skill level 14 in Invocations
 14670 | D:13     | Reached XP level 13. HP: 96/119 MP: 23/23
 14772 | D:13     | Killed a vault guard
 15324 | D:13     | Killed a vault guard
 15623 | D:14     | Reached ****** piety under Cheibriados
 15951 | D:14     | Identified the +5 chain mail "Tetus" {Regen+}
 16129 | D:14     | Found an ancient bone altar of Kikubaaqudgha.
 16203 | D:14     | Noticed Nessos
 16212 | D:14     | Reached skill level 15 in Invocations
 16213 | D:14     | Killed Nessos
 16631 | D:14     | Identified the +0 robe of Ongegho {Archmagi}
 17177 | D:3      | Bought a scroll of acquirement for 728 gold pieces
 17177 | D:3      | Bought a scroll of blinking for 105 gold pieces
 17177 | D:3      | Acquired the ring "Turak" {rF+ rC+ Will+}
 17450 | D:10     | Killed gyole's ghost
 17464 | D:10     | Identified the +6 mace of Doom {flame, Fly Will++}
 18007 | D:11     | Killed GreedOfGod's ghost
 18455 | D:15     | Entered Level 15 of the Dungeon
 18464 | D:15     | Reached skill level 16 in Invocations
 18464 | D:15     | Reached XP level 14. HP: 50/132 MP: 24/26
 18859 | D:15     | Reached skill level 10 in Armour
 19303 | D:15     | Reached skill level 5 in Translocations
 19459 | D:15     | Found a staircase to the Depths.
 19708 | Lair:1   | Entered Level 1 of the Lair of Beasts
 19735 | Lair:1   | Reached skill level 17 in Invocations
 21198 | Lair:2   | Identified the +5 scale mail "Pifotriove" {rF- rC+ Will+
                  | rCorr}
 21499 | Lair:3   | Found a hole to the Spider Nest.
 21552 | Lair:3   | Found a runed translucent door.
 21595 | Lair:3   | Found a staircase to the Swamp.
 21892 | Lair:3   | Found a runed translucent door.
 21892 | Lair:3   | Noticed Mimp's ghost (journeyman FoSh)
 21909 | Lair:3   | Killed Mimp's ghost
 21910 | Lair:3   | Reached skill level 15 in Axes
 21910 | Lair:3   | Reached XP level 15. HP: 123/138 MP: 27/27
 22089 | Lair:3   | Identified the +4 plate armour of Ru's Hope {rElec rC-
                  | rCorr Dex+8}
 22195 | Lair:4   | Reached skill level 18 in Invocations
 22661 | Lair:4   | Found a staircase to the Slime Pits.
 23062 | Lair:5   | Entered Level 5 of the Lair of Beasts
 23107 | Lair:5   | Acquired 777 gold pieces
 23134 | Lair:5   | Found a gate leading to a gauntlet.
 23164 | Gauntlet | Entered a Gauntlet
 23164 | Gauntlet | Found a transporter.
 23164 | Gauntlet | Found a transporter.
 23171 | Gauntlet | Found a transporter.
 23186 | Gauntlet | Found a transporter.
 23206 | Gauntlet | Found a transporter.
 23214 | Gauntlet | Found a transporter.
 23296 | Gauntlet | Found a transporter.
 23296 | Gauntlet | Found a transporter.
 23298 | Gauntlet | Found a large runed translucent door.
 23299 | Gauntlet | Found a large runed translucent door.
 23300 | Gauntlet | Found a large runed translucent door.
 23300 | Gauntlet | Found a large runed translucent door.
 23300 | Gauntlet | Found a runed translucent door.
 23300 | Gauntlet | Found a runed translucent door.
 23301 | Gauntlet | Found a large runed translucent door.
 23301 | Gauntlet | Found a large runed translucent door.
 23301 | Gauntlet | Found a large runed translucent door.
 23301 | Gauntlet | Found a large runed translucent door.
 23302 | Gauntlet | Found a large runed translucent door.
 23302 | Gauntlet | Found a large runed translucent door.
 23303 | Gauntlet | Found a large runed translucent door.
 23303 | Gauntlet | Found a large runed translucent door.
 23304 | Gauntlet | Found a runed translucent gate.
 23304 | Gauntlet | Found a runed translucent gate.
 23306 | Gauntlet | Found a transporter.
 23307 | Gauntlet | Found a transporter.
 23314 | Gauntlet | Found a runed translucent gate.
 23316 | Gauntlet | Found a transporter.
 23316 | Gauntlet | Found a transporter.
 23480 | Gauntlet | Identified the -2 cloak of the Wilderness {rF+ rN+ Str-2}
 23484 | Gauntlet | Identified the +3 trident of the Chickpea {holy, +Blink
                  | rCorr Str-4}
 23683 | Gauntlet | Identified the +1 great mace of the Evil Eye {heavy, rPois
                  | Dex+3}
 23690 | Gauntlet | Reached skill level 15 in Fighting
 23755 | Gauntlet | Identified the staff of the Philosopher {+Blink rPois rN+
                  | Stlth+ Poison}
 24177 | Lair:5   | Learned a level 1 spell: Apportation
 24188 | Lair:5   | Learned a level 2 spell: Lesser Beckoning
 24193 | Lair:5   | Learned a level 4 spell: Manifold Assault
 24450 | Lair:5   | Found a runed translucent door.
 24460 | Lair:5   | Reached skill level 1 in Spellcasting
 24460 | Lair:5   | Reached skill level 19 in Invocations
 24621 | Lair:5   | Reached XP level 16. HP: 131/149 MP: 29/29
 25439 | Orc:1    | Entered Level 1 of the Orcish Mines
 26092 | Orc:1    | Found Boyjimua's Armour Shop.
 26196 | Orc:2    | Entered Level 2 of the Orcish Mines
 26211 | Orc:2    | Found Foddanah's CLEARANCE SALE!.
 26283 | Orc:2    | Paralysed by an ogre mage for 3 turns
 26321 | Orc:2    | Bought a scroll of identify for 12 gold pieces
 26321 | Orc:2    | Bought a scroll of identify for 12 gold pieces
 26458 | Orc:2    | Found Halicloanu's Magic Scroll Shoppe.
 26458 | Orc:2    | Found Ucwuupef's Assorted Antiques.
 26459 | Orc:2    | Found Ymuevump's Armour Shop.
 26459 | Orc:2    | Found Fyushur's Book Emporium.
 26468 | Orc:2    | Bought a scroll of acquirement for 780 gold pieces
 26468 | Orc:2    | Acquired the +1 helmet "Syzog" {Drain rPois Int+3 Dex+2}
 26501 | Orc:2    | Found a staircase to the Elven Halls.
 26723 | Orc:2    | Paralysed by an ogre mage for 4 turns
 27238 | Swamp:1  | Entered Level 1 of the Swamp
 27254 | Swamp:1  | Noticed Donald
 27261 | Swamp:1  | Killed Donald
 27402 | Swamp:1  | Noticed Kirke
 27425 | Swamp:1  | Killed Kirke
 27426 | Swamp:1  | Reached skill level 20 in Invocations
 27613 | Swamp:1  | Noticed Nikola
 27622 | Swamp:1  | Killed Nikola
 27636 | Swamp:1  | Noticed a tentacled monstrosity
 27650 | Swamp:1  | Killed a tentacled monstrosity
 27886 | Swamp:1  | Reached skill level 10 in Translocations
 28186 | Swamp:1  | Identified the +1 robe "Ejevison" {Harm rCorr Dex+2
                  | Archmagi}
 28746 | Swamp:2  | Reached XP level 17. HP: 153/156 MP: 31/31
 29675 | Swamp:3  | Noticed a tentacled monstrosity
 29684 | Swamp:3  | Killed a tentacled monstrosity
 29736 | Swamp:3  | Noticed Roxanne
 29838 | Swamp:3  | Paralysed by a fenstrider witch for 4 turns
 30266 | Orc:2    | Bought the +8 orange crystal plate armour {Archmagi, Int+3
                  | Clar} for 2456 gold pieces
 30266 | Orc:2    | Found the +8 orange crystal plate armour {Archmagi, Int+3
                  | Clar}
 31038 | Swamp:4  | Entered Level 4 of the Swamp
 31120 | Swamp:4  | Reached skill level 10 in Shields
 32316 | Swamp:4  | Got a decaying rune of Zot
 32771 | Spider:1 | Entered Level 1 of the Spider Nest
 33746 | Spider:2 | Reached skill level 5 in Dodging
 33825 | Spider:2 | Reached XP level 18. HP: 96/166 MP: 5/32
 33826 | Spider:2 | Reached skill level 21 in Invocations
 34838 | Spider:2 | Identified the +1 broad axe of Midsummer {flame, Fragile
                  | Fly Str+3 Dex+4}
 35962 | Spider:3 | Identified the +1 leather armour "Miapibim" {Str+4}
 36430 | Spider:4 | Entered Level 4 of the Spider Nest
 37498 | Spider:4 | Reached XP level 19. HP: 167/177 MP: 5/33
 37718 | Spider:4 | Learned a level 4 spell: Iskenderun's Mystic Blast
 37788 | Spider:4 | Noticed Arachne
 37800 | Spider:4 | Killed Arachne
 37811 | Spider:4 | Reached skill level 1 in Conjurations
 37925 | Spider:4 | Identified the +7 quarterstaff of Disembowelment {heavy,
                  | Dex+2}
 37954 | Spider:4 | Got a gossamer rune of Zot
 38444 | Vaults:1 | Entered Level 1 of the Vaults
 39006 | Vaults:1 | Reached skill level 22 in Invocations
 39731 | Vaults:1 | Got the Lessons on the Blinking Swarm
 39937 | Vaults:1 | Upgraded the game from 0.31-a0-659-gc5a091b79a to
                  | 0.31-a0-690-g7ce4588941
 40460 | Vaults:1 | Found Kexoyho's Jewellery Shop.
 41346 | Vaults:2 | Reached skill level 5 in Conjurations
 41444 | Vaults:2 | Reached XP level 20. HP: 185/188 MP: 35/35
 41539 | Vaults:2 | Reached skill level 15 in Armour
 41742 | Vaults:2 | Found Uqil's Assorted Antiques.
 42666 | Vaults:3 | Found a staircase to the Crypt.
 42687 | Vaults:3 | Reached skill level 23 in Invocations
 42988 | Vaults:3 | Identified the +11 war axe of Icypt {spect, Int+2}
 43317 | Vaults:3 | Paralysed by a formless jellyfish for 1 turns
 43355 | Vaults:3 | Identified the +1 ring mail of Leaves {rPois Str+8 Dex-3}
 43468 | Vaults:3 | Found Tikaill's Armour Shop.
 43978 | Vaults:4 | Found a crumbling gateway.
 43992 | Desolati | Entered the Desolation of Salt
 44104 | Desolati | Identified the ring of Wariness {Will- rCorr Str+6 Dex+4}
 44122 | Desolati | Identified the +5 arbalest of Wu Jian's Scorn {heavy,
                  | Stlth+}
 44122 | Desolati | Identified the ring of Undoing {rF+ rCorr}
 44193 | Desolati | Identified the amulet of the Scuffed Eggfruit {Reflect
                  | *Slow Fly Slay+3 SH+5}
 44363 | Desolati | Identified the orb of Grace {*Rage, Dex+3}
 44429 | Desolati | Reached XP level 21. HP: 198/198 MP: 36/36
 44500 | Desolati | Found the +5 moon troll leather armour {Spirit, Regen++
                  | MP+5}
 44519 | Desolati | Identified the +4 falchion of Bodily Harmony {freeze, rN+
                  | Int+2}
 44521 | Desolati | Identified the +10 spear of Crystal {flame, rElec Int-4
                  | Stlth+}
 44575 | Desolati | Identified the ring of the Kraken {rElec rPois rF+ rN+}
 44607 | Desolati | Got the Catalogue of Theory
 44626 | Desolati | Identified the amulet of the Cursing Gods {RegenMP Harm
                  | Will+ Str-5 Int+5}
 44729 | Desolati | Got the Grimoire of Electric Fascination
 45027 | Vaults:4 | Identified the +0 robe of Ciqecvevo {rN++ Will- Int+6}
 46470 | Vaults:1 | Bought the amulet of Leaves {Reflect rC++ Int+4 SH+5} for
                  | 943 gold pieces
 46890 | Elf:1    | Entered Level 1 of the Elven Halls
 47109 | Elf:1    | Paralysed by an air elemental for 1 turns
 47543 | Elf:1    | Paralysed by a floating eye for 3 turns
 47648 | Elf:1    | Reached skill level 24 in Invocations
 47689 | Elf:1    | Reached skill level 5 in Spellcasting
 47855 | Elf:1    | Identified the ring of Yhunn {rPois rC- Will+++ Str-2 SInv}
 48047 | Elf:1    | Got the Tome of Sinister Words
 48108 | Elf:2    | Found Teseaty's Weapon Emporium.
 48227 | Elf:2    | Noticed Jorgrun
 48234 | Elf:2    | Killed Jorgrun
 48576 | Elf:2    | Found a huge runed gate.
 48576 | Elf:2    | Found a huge runed gate.
 48576 | Elf:2    | Found a huge runed gate.
 48576 | Elf:2    | Found a huge runed gate.
 48577 | Elf:2    | Found a huge runed gate.
 48578 | Elf:2    | Found a huge runed gate.
 48579 | Elf:2    | Found a huge runed gate.
 48583 | Elf:2    | Found a huge runed gate.
 48583 | Elf:2    | Found a huge runed gate.
 48583 | Elf:2    | Found a huge runed gate.
 48584 | Elf:2    | Found a huge runed gate.
 48584 | Elf:2    | Found a huge runed gate.
 48588 | Elf:2    | Found a huge runed gate.
 48590 | Elf:2    | Found a huge runed gate.
 48591 | Elf:2    | Found a huge runed gate.
 48622 | Elf:2    | Found a huge runed gate.
 48622 | Elf:2    | Found a huge runed gate.
 48622 | Elf:2    | Found a huge runed gate.
 48622 | Elf:2    | Found a huge runed gate.
 48638 | Elf:2    | Found a huge runed gate.
 48638 | Elf:2    | Found a huge runed gate.
 48639 | Elf:2    | Found a huge runed gate.
 48640 | Elf:2    | Found a huge runed gate.
 48881 | Elf:2    | Found a runed translucent gate.
 48881 | Elf:2    | Found a runed translucent gate.
 48883 | Elf:2    | Found a runed translucent gate.
 48968 | Elf:2    | Found a huge runed gate.
 48968 | Elf:2    | Found a huge runed gate.
 48968 | Elf:2    | Found a huge runed gate.
 48969 | Elf:2    | Found a huge runed gate.
 48970 | Elf:2    | Found a huge runed gate.
 48971 | Elf:2    | Found a huge runed gate.
 48972 | Elf:2    | Found a huge runed gate.
 48973 | Elf:2    | Found a huge runed gate.
 48974 | Elf:2    | Found a huge runed gate.
 48982 | Elf:2    | Found a huge runed gate.
 48982 | Elf:2    | Found a huge runed gate.
 48982 | Elf:2    | Found a huge runed gate.
 48982 | Elf:2    | Found a huge runed gate.
 49069 | Elf:2    | Reached XP level 22. HP: 206/206 MP: 26/38
 49349 | Elf:2    | Reached skill level 10 in Conjurations
 49655 | Elf:2    | Identified the ring of Pragmatism {rCorr EV+5 Int-2 Dex+7}
 50207 | Elf:3    | Entered Level 3 of the Elven Halls
 50265 | Elf:3    | Found Duot's General Store.
 50277 | Elf:3    | Bought a potion of heal wounds for 65 gold pieces
 51226 | Elf:3    | Identified the +4 flail of Equilibrium {heavy, Str-5 Dex+5}
 51689 | Elf:3    | Identified the +1 mace of the Scorching Dove {flame, *Slow
                  | Will+ rCorr Dex+7}
 51694 | Elf:3    | Reached skill level 25 in Invocations
 51698 | Abyss:3  | Cast into level 3 of the Abyss (a deep elf sorcerer)
 51884 | Abyss:3  | Noticed a dread lich
 51892 | Abyss:3  | Paralysed by something for 5 turns
 51906 | Abyss:3  | Found a corrupted altar of Lugonu.
 51913 | Abyss:3  | Paralysed by a dread lich for 4 turns
 51914 | Abyss:3  | HP: 8/205 [balrug/bolt of fire[a dread lich] (14)]
 51915 | Abyss:3  | Mangled by a balrug

Illustrated notes

Levels and vault maps discovered:
D:1:      wander_arrival_chamber, layout_basic, nicolae_figureground_pulse
D:2:      layout_loops_ring, hellmonk_ecumenical_altar_dog_temple, uniq_robin,
          uniq_sigmund
D:3:      gammafunk_steamed_eel, layout_basic, serial_shops, shop, uniq_natasha
D:4:      layout_cave_pools, portal_sewer_entry_e, gammafunk_ghost_grave
D:5:      layout_basic, trog_ov_bears_minmay, lemuel_crystal_altar,
          minmay_temple_entry_sparse_star, uniq_pikel
D:6:      layout_rooms, grunt_temple_overflow_lords_of_destruction,
          mainiacjoe_overflow_boulevard
D:7:      layout_cave_pods, grunt_gozag_breadcrumbs,
          pdpol_wu_jian_five_deadly_venoms, kennysheep_donut,
          minmay_crystal_room, uniq_prince_ribbit1
D:8:      layout_basic, kennysheep_little_box, serial_shops,
          nicolae_stop_n_shop_1
D:9:      layout_irregular_city, hangedman_glass_teeth, minmay_statue_bubble,
          uniq_maggie, uniq_joseph, uniq_erica, uniq_grum
D:10:     layout_stronghold, cheibrodos_ashenzari_chains,
          nicolae_tso_carved_into_rock,
          chequers_temple_overflow_statue_of_worship,
          mainiacjoe_overflow_alcove_4, david_orc_5, enter_bailey_4,
          ebering_ghost_funeral_grove, david_defended_altar_orc, uniq_josephine,
          uniq_harold
D:11:     layout_basic, dpeg_oklobed_lair, biasface_ghost_orc_armoury
D:12:     layout_irregular_city, uniq_lodul, uniq_maurice
D:13:     layout_loops_cross, grunt_vaults_entry_tiered
D:14:     layout_loops_corners, kiku_gazebo_garden_becter, uniq_nessos
D:15:     grunt_enter_depths_magical_seal, layout_rooms, chequers_arboretum,
          grunt_ministairs_1
Temple:   hellmonk_temple_of_storms
Lair:1:   layout_cave_pods, chequers_serial_rivers_micro_a,
          grunt_forest_small_clearing_treed
Lair:2:   layout_roguey
Lair:3:   beast_lair_carwin_large_4, layout_misc_corridors, swamp_mist_pool,
          spider_nest_entry_web_field, gammafunk_ghost_grave, pf_torpor_hydra,
          grunt_megastairs_2
Lair:4:   layout_hall_layers, dpeg_slime_entry_enclosed
Lair:5:   hangedman_lair_tendril_chambers, layout_cave_pods, wormcave,
          gauntlet_entry_generic, cheibrodos_lair_lostbears
Swamp:1:  layout_basic_swamp, nicolae_swamp_oxbows, uniq_donald, uniq_nikola,
          uniq_kirke
Swamp:2:  layout_basic_swamp, evilmike_swamp_ruin_wall, swamp_pool5,
          hangedman_swamp_blocks, infiniplex_staircase_pool
Swamp:3:  nicolae_swamp_husk_halls, layout_basic_swamp,
          hangedman_swamp_ruin_wall, uniq_roxanne
Swamp:4:  swamp_basic_johnstein, layout_basic_swamp
Spider:1: layout_cave_pods, drop_trap, nicolae_spider_not_touching_you
Spider:2: spider_temple_joshua
Spider:3: nicolae_spider_hilbert_zone_6 [nicolae_spider_hilbert_4_sides_1_open,
          nicolae_spider_hilbert_4_sides_1_open,
          nicolae_spider_hilbert_4_sides_1_open,
          nicolae_spider_hilbert_4_sides_1_open,
          nicolae_spider_hilbert_4_sides_1_open,
          nicolae_spider_hilbert_4_sides_1_open,
          nicolae_spider_hilbert_4_sides_1_open],
          nicolae_spider_twisty_arc_passages
Spider:4: grunt_spider_rune_island, guppyfry_spider_mini_2, uniq_arachne
Orc:1:    layout_diamond_mine, serial_shops, nicolae_shop_real_fake_doors,
          mines4_lemuel
Orc:2:    st_orc_ogre_mass, layout_diamond_mine, roderic_batcave,
          nicolae_shop_clearance
Elf:1:    minmay_the_grid_four_pointed_star_mashed
          [minmay_the_grid_triangle_9x9_thin_v,
          minmay_the_grid_triangle_9x9_pentomino_pain,
          minmay_the_grid_triangle_9x9_sprig,
          minmay_the_grid_triangle_9x9_wacky_v,
          minmay_the_grid_prize_inner_circle], layout_onion_city,
          minmay_elf_necromancy, minivault_25
Elf:2:    nicolae_elf_blades_splatter_lattice [nicolae_blade_entry_antechamber],
          layout_loops_cross, serial_shops, shop, minmay_fountain_box,
          door_vault, uniq_jorgrun
Elf:3:    minmay_elf_hall_spiked, layout_onion_city, serial_shops, shop,
          serial_glass, glass_columns_b, glass_columns_a, glass_columns_a,
          glass_columns_a, glass_columns_c, glass_columns_b
Vaults:1: nicolae_vaults_back_hallway, nicolae_vaults_prndl,
          hangedman_vaults_hat, nicolae_vaults_ring_of_whatevers,
          nicolae_vaults_theta, v_misc_2, nicolae_vaults_network_s,
          nicolae_vaults_twisting_passages, nicolae_vaults_cornered_office,
          nicolae_vaults_trapezoid_1, ontoclasm_vaults_chip, st_lines,
          nicolae_vaults_double_plus_2, layout_vaults_omnibox, serial_shops,
          nicolae_shop_crystal
Vaults:2: grunt_vaults_swirl, grunt_vaults_trifunnel,
          nicolae_vaults_surprise_closet_hard, nicolae_vaults_ring_of_whatevers,
          nicolae_vaults_hallways_thing, hangedman_vaults_stagger,
          ontoclasm_vaults_chip, hangedman_vaults_cutoff,
          hangedman_vaults_slice, vaults_dpeg_diagonal,
          nicolae_vaults_apartment_2, grunt_vaults_focal, layout_vaults_ring,
          serial_shops, nicolae_shop_overgrown_old_shop
Vaults:3: nicolae_vaults_double_plus_3, minmay_crypt_entry_simple_sparse,
          vaults_room_door_hall, nicolae_vaults_closet_pinwheel_2,
          nicolae_vaults_network_quinsquares
          [nicolae_vaults_network_quincunx_subvault,
          nicolae_vaults_network_quincunx_subvault,
          nicolae_vaults_network_quincunx_subvault,
          nicolae_vaults_network_quincunx_subvault], nicolae_vaults_trapezoid_3,
          nicolae_vaults_taking_the_gang_shopping, layout_vaults_chaotic_city
Vaults:4: portal_desolation_entry_twin_temple, st_spiral_rooms,
          nicolae_vaults_tangram_1, hangedman_vaults_slice,
          nicolae_vaults_more_shelving_1, grunt_vaults_diagonal,
          nicolae_vaults_closet_pinwheel_4, vaults_room_corners,
          nicolae_vaults_mini_display_case, layout_vaults_omnigrid
Abyss:3:  base: D:6, guppyfry_abyss_exit_glass_guarded, minivault_20

Skill      XL: |  1  2  3  4  5  6  7  8  9 10 11 12 13 14 15 16 17 18 19 20 21 22 |
---------------+-------------------------------------------------------------------+-----
Axes           | 3 4 6 7 8 9 11 12 13 14 15 16 17 18 19 20 | 20.9
Fighting       | 4 6 7 9 10 11 12 14 15 16 17 18 19 | 19.7
Armour         | 4 5 7 9 11 12 13 14 16 | 16.5
Shields        | 4 6 7 9 10 11 | 11.3
Invocations    | 4 7 10 13 14 16 17 19 20 21 22 23 24 25 | 25.0
Dodging        | 3 5 7 8 |  8.0
Evocations     | 2 |  2.0
Translocations | 1 3 4 6 7 10 | 10.7
Spellcasting   | 1 4 5 7 |  7.0
Conjurations   | 5 7 9 10 | 10.9

Action                     |  1- 3 |  4- 6 |  7- 9 | 10-12 | 13-15 | 16-18 | 19-21 | 22-24 || total
---------------------------+-------+-------+-------+-------+-------+-------+-------+-------++-------
  Melee: War axe           |    64 |    94 |   241 |   212 |       |       |       |       ||   611
         Broad axe         |       |       |       |   195 |   585 |  1069 |  1128 |   212 ||  3189
         Scimitar          |       |       |       |       |    19 |     3 |       |       ||    22
   Cast: Manifold Assault  |       |       |       |       |       |    73 |    27 |    23 ||   123
         Blink             |       |       |       |       |       |     8 |       |     1 ||     9
         Apportation       |       |       |       |       |       |     1 |       |       ||     1
         Lesser Beckoning  |       |       |       |       |       |     2 |     5 |     4 ||    11
         Iskenderun's Myst |       |       |       |       |       |       |     7 |     2 ||     9
 Invoke: Slouch            |       |       |       |     1 |     4 |     3 |     1 |     2 ||    11
         Bend Time         |       |       |       |       |     1 |       |       |       ||     1
  Evoke: Wand              |       |       |       |    17 |     2 |     7 |     1 |     2 ||    29
    Use: Scroll            |       |     9 |     8 |    20 |     7 |     5 |     8 |     6 ||    63
         Potion            |       |       |     5 |     6 |     2 |     1 |     1 |     3 ||    18
   Stab: Distracted        |       |       |       |       |     1 |       |       |     1 ||     2
         Sleeping          |       |       |       |       |     1 |       |       |       ||     1
         Confused          |       |       |       |       |       |     2 |       |       ||     2
 Armour: Scale mail        |    36 |    77 |   115 |       |    27 |       |       |       ||   255
         Leather armour    |       |       |    37 |   278 |    89 |       |       |       ||   404
         Plate armour      |       |       |       |       |   276 |   168 |       |       ||   444
         Crystal plate arm |       |       |       |       |       |   557 |   613 |   208 ||  1378
  Dodge: Dodged            |    22 |    41 |   112 |   320 |   340 |   575 |   376 |    48 ||  1834
  Block: Buckler           |     9 |    17 |    40 |   167 |    69 |       |       |       ||   302
         Kite shield       |       |       |       |       |   385 |   835 |   716 |   186 ||  2122
         Reflection        |       |       |       |       |       |     1 |    71 |    37 ||   109

Table legend: (Time is in decaauts)
 A = Elapsed time spent in this place.
 B = Non-inter-level travel time spent in this place.
 C = Inter-level travel time spent in this place.
 D = Time resting spent in this place.
 E = Time spent auto-exploring this place.
 F = Levels seen in this place.
 G = Mean time per level.
                   A        B        C        D        E       F      G
               +--------+--------+--------+--------+--------+-----+--------+
         Total |  74774 |  67527 |   7247 |  10521 |  46759 |  43 | 1738.9 |
       Dungeon |  25593 |  22205 |   3388 |   4189 |  15379 |  15 | 1706.2 |
        Temple |     40 |     23 |     17 |      0 |      0 |   1 |   40.0 |
          Lair |   9501 |   8196 |   1305 |     80 |   6951 |   5 | 1900.2 |
         Swamp |   7394 |   6636 |    758 |   1632 |   4287 |   4 | 1848.5 |
   Spider Nest |   8079 |   7614 |    465 |   1393 |   4973 |   4 | 2019.8 |
  Orcish Mines |   3036 |   2590 |    446 |      7 |   2046 |   2 | 1518.0 |
   Elven Halls |   6655 |   6501 |    154 |   1528 |   3950 |   3 | 2218.3 |
        Vaults |  10579 |   9869 |    710 |    840 |   7728 |   4 | 2644.8 |
         Abyss |    225 |    225 |      0 |    101 |     63 |   1 |  225.0 |
         Sewer |    654 |    654 |      0 |    194 |    239 |   1 |  654.0 |
        Bailey |    722 |    722 |      0 |    331 |    101 |   1 |  722.0 |
    Desolation |   1301 |   1301 |      0 |      0 |    890 |   1 | 1301.0 |
      Gauntlet |    988 |    988 |      0 |    224 |    150 |   1 |  988.0 |
               +--------+--------+--------+--------+--------+-----+--------+

Top non-repeatable levels by time:
    D:11: 3450 daAuts
Vaults:1: 3259 daAuts
   Elf:2: 3191 daAuts
    D:10: 3123 daAuts
    D:13: 2661 daAuts
Vaults:3: 2646 daAuts
  Lair:5: 2624 daAuts
Vaults:4: 2477 daAuts
    D:14: 2363 daAuts
Spider:4: 2335 daAuts
     D:9: 2214 daAuts
Vaults:2: 2196 daAuts
Spider:2: 2150 daAuts
Spider:3: 2048 daAuts
 Swamp:4: 2030 daAuts
